 Dungeon Sprint DCSS version 0.19.5 (webtiles) character file.

82 strmesko the Thaumaturge (level 4, -7/24 HPs)
             Began as a Deep Elf Fire Elementalist on Mar 19, 2017.
             Was an Initiate of Sif Muna.
             Killed from afar by a gargoyle (19 damage)
             ... with a stone arrow
             ... in the Dungeon (Sprint IX: "|||||||||||||||||||||||||||||").
             The game lasted 00:06:59 (308 turns).

strmesko the Thaumaturge (DEFE)                      Turns: 308, Time: 00:07:00

Health: -7/24      AC:  6    Str:  5    XL:     4   Next: 21%
Magic:  3/19       EV: 13    Int: 24    God:    Sif Muna [......]
Gold:   0          SH:  0    Dex: 15    Spells: 5 memorised, 12 levels left

rFire  . . .     SeeInvis .     o - staff of energy
rCold  . . .     Gourm    .     a - +0 robe
rNeg   . . .     Faith    .     (no shield)
rPois  .         Spirit   .     p - +0 helmet
rElec  .         Reflect  .     (no cloak)
rCorr  .         Harm     .     (no gloves)
MR     .....     NoTele   +     q - +0 pair of boots
Stlth  ++........               (no amulet)
                                s - +3 ring of intelligence
                                r - +2 ring of protection

@: very slightly contaminated
A: no striking features
a: Renounce Religion


You were in the Dungeon.
You worshipped Sif Muna.
Sif Muna was noncommittal.
You were not hungry.

You visited 1 branch

Inventory:

Hand Weapons
 j - a +0 dagger
Armour
 a - a +0 robe (worn)
 p - a +0 helmet (worn)
 q - a +0 pair of boots (worn)
Magical Staves
 o - an uncursed staff of energy (weapon)
Jewellery
 r - a +2 ring of protection (left hand)
 s - a +3 ring of intelligence (right hand)
Wands
 n - a wand of acid (7/15)
Scrolls
 i - 2 scrolls of blinking
 l - 3 scrolls of remove curse
 m - 2 scrolls of amnesia
Potions
 d - 5 potions of curing
 e - a potion of heal wounds
 f - a potion of haste
 g - 2 potions of magic
 h - a potion of berserk rage
 k - a potion of invisibility
Books
 b - a book of Flames

   Spells                             Type                      Level
   a - Flame Tongue                   Conjuration/Fire             1
   b - Throw Flame                    Conjuration/Fire             2
   c - Conjure Flame                  Conjuration/Fire             3
   d - Inner Flame                    Hexes/Fire                   3
   e - Sticky Flame                   Conjuration/Fire             4
   f - Fireball                       Conjuration/Fire             5
Comestibles
 c - a bread ration


   Skills:
 - Level 2.4 Dodging
 - Level 2.4 Stealth
 + Level 11.1 Spellcasting
 - Level 1.1 Conjurations
 - Level 3.2 Fire Magic


You had 12 spell levels left.
You knew the following spells:

 Your Spells              Type           Power        Failure   Level  Hunger
a - Flame Tongue          Conj/Fire      ###..        1%          1    None
b - Conjure Flame         Conj/Fire      ###.....     10%         3    None
c - Throw Flame           Conj/Fire      ###...       3%          2    None
d - Inner Flame           Hex/Fire       ###.....     10%         3    None
e - Sticky Flame          Conj/Fire      ###.....     24%         4    None


Dungeon Overview and Level Annotations

Branches:
Dungeon (1/1)

Altars:
Cheibriados
Dithmenos
Elyvilon
Fedhas
Gozag
Hepliaklqana
Kikubaaqudgha
Makhleb
Nemelex Xobeh
Okawaru
Qazlal
Ru
Sif Muna
Trog
Uskayaw
Vehumet
Xom
Yredelemnul
Zin
The Shining One
Beogh
Jiyva
Lugonu


Message History

The gargoyle is heavily damaged.
The gargoyle is covered in liquid flames!
The gargoyle burns!
The gargoyle closely misses you.
Casting: Sticky Flame
Confirm with . or Enter, or press ? or * to list all spells.
Aiming: Sticky Flame
Press: ? - help, Shift-Dir - straight line, f/p - gargoyle
Aim: a gargoyle, wielding a dire flail (heavily damaged, covered in liquid flames)
The sticky flame hits the gargoyle.
The gargoyle appears unharmed.
The gargoyle is heavily damaged.
The gargoyle is covered in liquid flames!
The gargoyle burns!
The gargoyle hurls a stone arrow at you.
The stone arrow hits you!
Ouch! That really hurt!
The gargoyle burns!
The gargoyle hurls a stone arrow at you.
The stone arrow hits you!
Ouch! That really hurt!
You die...

▓.▓
▓S▓
▓y▓
▓C▓
▓G▓
▓h▓
▓9▓
▓.▓
▓@▓
▓[▓
▓.▓
▓.▓
▓)▓
▓.▓
▓.▓
▓.▓
▓'▓


You could see a hill giant, an eye of draining, a gargoyle (burning), a hound, a
killer bee and an adder.

Vanquished Creatures
  A howler monkey (D)
  A hound (D)
  A shadow imp (D)
  An orc (D)
  2 hobgoblins (D)
  A bat (D)
  A frilled lizard (D)
  A kobold (D)
  A leopard gecko skeleton (D)
10 creatures vanquished.

Notes
Turn   | Place    | Note
-------+----------+-------------------------------------------
     0 | D        | strmesko the Deep Elf Fire Elementalist began the quest for the Orb.
     0 | D        | Reached XP level 1. HP: 10/10 MP: 6/6
     5 | D        | Reached skill level 4 in Spellcasting
    14 | D        | Reached skill level 5 in Spellcasting
    78 | D        | Noticed a hound
    78 | D        | Noticed a howler monkey
    81 | D        | Killed a howler monkey
    81 | D        | Reached skill level 9 in Spellcasting
    81 | D        | Reached XP level 2. HP: 15/15 MP: 5/14
    81 | D        | Reached XP level 3. HP: 19/19 MP: 5/15
    83 | D        | Reached skill level 10 in Spellcasting
    83 | D        | Reached XP level 4. HP: 24/24 MP: 3/18
    86 | D        | Reached skill level 11 in Spellcasting
   211 | D        | Found a roughly hewn altar of Beogh.
   211 | D        | Found a snail-covered altar of Cheibriados.
   211 | D        | Found a shadowy altar of Dithmenos.
   211 | D        | Found a white marble altar of Elyvilon.
   211 | D        | Found a blossoming altar of Fedhas.
   211 | D        | Found an opulent altar of Gozag.
   212 | D        | Found a hazy altar of Hepliaklqana.
   213 | D        | Found a viscous altar of Jiyva.
   214 | D        | Found an ancient bone altar of Kikubaaqudgha.
   215 | D        | Found a corrupted altar of Lugonu.
   216 | D        | Found a burning altar of Makhleb.
   217 | D        | Found a sparkling altar of Nemelex Xobeh.
   218 | D        | Found an iron altar of Okawaru.
   219 | D        | Found a stormy altar of Qazlal.
   220 | D        | Found a sacrificial altar of Ru.
   221 | D        | Found a deep blue altar of Sif Muna.
   222 | D        | Found a bloodstained altar of Trog.
   223 | D        | Found a hide-covered altar of Uskayaw.
   224 | D        | Found a radiant altar of Vehumet.
   225 | D        | Found a shimmering altar of Xom.
   226 | D        | Found a basalt altar of Yredelemnul.
   227 | D        | Found a glowing silver altar of Zin.
   228 | D        | Found a glowing golden altar of the Shining One.
   229 | D        | Became a worshipper of Sif Muna the Loreminder
   252 | D        | Learned a level 3 spell: Conjure Flame
   255 | D        | Learned a level 2 spell: Throw Flame
   259 | D        | Learned a level 3 spell: Inner Flame
   264 | D        | Learned a level 4 spell: Sticky Flame
   288 | D        | Noticed a hill giant
   288 | D        | Noticed an eye of draining
   288 | D        | Noticed a gargoyle
   308 | D        | Killed from afar by a gargoyle

Skill      XL: |  1  2  3  4 |
---------------+-------------+-----
Spellcasting   | 9 10 11 | 11.1
Dodging        | |  2.4
Stealth        | |  2.4
Conjurations   | |  1.1
Fire Magic     | |  3.2

Action                   |  1- 3 |  4- 6 || total
-------------------------+-------+-------++-------
Melee: Unarmed           |     1 |       ||     1
       Dagger            |       |     2 ||     2
 Cast: Flame Tongue      |    10 |    11 ||    21
       Throw Flame       |       |     3 ||     3
       Sticky Flame      |       |     3 ||     3
       Conjure Flame     |       |     1 ||     1
  Use: Potion            |       |     4 ||     4
Dodge: Dodged            |     6 |     9 ||    15
